 Dungeon Crawl Stone Soup version 0.30.0 (webtiles) character file.

Game seed: 10734624798135859112

2060 Ayyar the Cleaver (level 9, -9/78 HPs)
             Began as a Hill Orc Fighter on May 17, 2023.
             Was a Follower of Beogh.
             Killed from afar by Maggie (10 damage)
             ... with a puff of flame
             ... on level 7 of the Dungeon.
             The game lasted 00:20:08 (5851 turns).

Ayyar the Cleaver (Hill Orc Fighter)                Turns: 5851, Time: 00:20:09

Health: -9/78      AC: 11    Str: 23    XL:     9   Next: 25%
Magic:  12/12      EV:  8    Int:  8    God:    Beogh [*.....]
Gold:   460        SH:  5    Dex: 10    Spells: 8/8 levels left

rFire   . . .        a - +1 war axe
rCold   . . .        c - +0 buckler
rNeg    . . .        G - +0 chain mail
rPois   .            (helmet restricted)
rElec   .            (no cloak)
rCorr   .            x - +0 pair of gloves
SInv    .            (no boots)
Will    .....        (no amulet) Stlth
                     (no ring)
HPRegen 0.00/turn    (no ring)
MPRegen 0.13/turn

%: no passive effects
@: inhibited regen
A: horns 1, inhibited regeneration, inability to drink after injury 1
a: Renounce Religion


You were on level 7 of the Dungeon.
You worshipped Beogh.
Beogh was aware of your devotion.
You visited 2 branches of the dungeon, and saw 8 of its levels.

You collected 460 gold pieces.

Inventory:

Hand Weapons
 a - a +1 war axe (weapon)
 D - a +0 heavy hand axe
Missiles
 h - 4 atropa-tipped darts
 v - 4 silver javelins (quivered)
 z - 5 poisoned darts
 J - 3 boomerangs
Armour
 c - a +0 buckler (worn)
 x - a +0 pair of gloves (worn)
 G - a +0 chain mail (worn)
Jewellery
 w - a ring of fire
 B - a ring of flight
 K - a +6 ring of intelligence
Wands
 e - a wand of polymorph (13)
 p - a wand of roots (6)
Scrolls
 d - a scroll of amnesia {unknown}
 g - 3 scrolls of immolation {unknown}
 i - a scroll of torment {unknown}
 k - a scroll of blinking {unknown}
 m - 6 scrolls of identify {unknown}
 o - 8 scrolls of teleportation {unknown}
 t - 3 scrolls of fog {unknown}
 y - 2 scrolls of enchant armour {unknown}
 A - a scroll of noise {unknown}
 E - a scroll of brand weapon {unknown}
 H - a scroll of fear {unknown}
 I - a scroll of silence {unknown}
Potions
 b - a potion of degeneration {unknown}
 f - a potion of flight {unknown}
 j - 3 potions of brilliance
 l - a potion of might
 n - a potion of mutation
 q - a potion of haste
 r - a potion of attraction
 s - a potion of invisibility {unknown}
 u - 6 potions of curing
 F - a potion of heal wounds {unknown}
 L - a potion of lignification {unknown}


   Skills:
 + Level 6.4 Fighting
 * Level 8.3 Axes
 + Level 3.3 Throwing
 + Level 5.8 Armour
 + Level 5.7 Shields
 + Level 4.9 Invocations
 + Level 3.6 Evocations


You had 8 spell levels left.
You didn't know any spells.
Your spell library contained the following spells:

 Spells                   Type           Power      Damage    Failure   Level
 Sandblast                Erth           0%         2d4       96%         1
 Summon Small Mammal      Summ           0%         N/A       96%         1
 Passwall                 Tmut/Erth      0%         N/A       99%         2
 Call Canine Familiar     Summ           0%         N/A       100%        3
 Ignite Poison            Fire/Tmut/Pois 0%         N/A       100%        3
 Stone Arrow              Conj/Erth      0%         3d7       100%        3
 Summon Guardian Golem    Hex/Summ       0%         N/A       100%        3
 Sticky Flame             Conj/Fire      0%         2d3       100%        4
 Ignition                 Fire           0%         3d3       100%        8


Dungeon Overview and Level Annotations

Branches:
Dungeon (7/15)             Temple (1/1) D:5

Altars:
Ashenzari
Cheibriados
Dithmenos
Gozag
Hepliaklqana
Kikubaaqudgha
Trog
Vehumet
Yredelemnul
The Shining One

Shops:
D:3 (   D:6 :

Annotations:
D:6 1 runed translucent door, Crazy Yiuf
D:7 Maggie


Innate Abilities, Weirdness & Mutations

You have a pair of small horns on your head.
You do not regenerate when monsters are visible.
You occasionally lose the ability to drink potions when taking damage.


Message History

Maggie hits you with a +0 war axe!
* * * LOW HITPOINT WARNING * * *
You hit Maggie.
Maggie is severely wounded.
You break out of your daze.
Maggie gestures at you while chanting.
The bolt of fire hits you but does no damage.
Maggie closely misses you.
You closely miss Maggie.
Maggie is severely wounded.
Maggie zaps a wand.
The puff of flame hits you.
* * * LOW HITPOINT WARNING * * *
It was a potion of attraction.
You feel attractive to monsters.
Maggie practices a pose.
Maggie gestures wildly while chanting.
Maggie attempts to bespell you! You resist.
It was a potion of mutation.
You feel extremely strange.
You occasionally lose the ability to drink potions when taking damage.
A pair of horns grows on your head!
Your regeneration stops near monsters.
You block Maggie's attack.
It was a potion of cancellation.
Your magical effects are unravelling.
You feel magically purged. Maggie hits you with a +0 war axe.
* * * LOW HITPOINT WARNING * * *
You feel less attractive to monsters.
You barely miss Maggie.
Maggie is severely wounded.
Maggie hits you but does no damage.
You closely miss Maggie.
Maggie is severely wounded.
Maggie hits you but does no damage.
You closely miss Maggie. You headbutt Maggie, but do no damage.
Maggie is severely wounded.
Maggie hits you with a +0 war axe.
* * * LOW HITPOINT WARNING * * *
You barely miss Maggie. You headbutt Maggie, but do no damage.
Maggie is severely wounded.
Maggie zaps a wand.
The puff of flame hits you!
You die...

### ######## ..
###......# .#
##....#.#.##.#
#.....#.#....# .###
#.#.###.###..##@/...
#...#...[ #........
#.#.#######@###.##### #
#.#.~≈≈≈≈≈~.@........
#####.#.#######.###.#####
....#.#.#.....#.. ..
###.#.#.###.###.. ##
#(..#.#.. #.# ...#
....#.### # # ....
....#.###... .##..
..............
.#..........#


You could see Maggie.

Vanquished Creatures
  A steam dragon (D:6)
  Menkaure (D:6)
  A water moccasin (D:7)
  2 orc warriors
  An ice beast (D:5)
  A black bear (D:6)
  2 phantoms
  3 bullfrogs (D:7)
  2 scorpions (D:4)
  2 jellies
  7 orc priests
  3 hounds
  5 iguanas
  A sleepcap (D:7)
  7 orc wizards
  4 gnolls (D:2)
  4 adders
  A shadow imp (D:5)
  A white imp (D:5)
  2 ufetubi (D:6)
  A worm (D:4)
  4 dart slugs
  17 orcs
  4 ball pythons
  3 bats
  9 endoplasms
  4 giant cockroaches
  5 hobgoblins
  4 jackals (D:4)
  3 quokkas
  5 frilled lizards
  6 goblins
  6 kobolds
  7 rats
129 creatures vanquished.

Vanquished Creatures (others)
  An orc wizard (D:4)
  An adder (D:4)
  6 orcs (D:4)
8 creatures vanquished.

Grand Total: 137 creatures vanquished

Notes
Turn   | Place    | Note
-------+----------+-------------------------------------------
     0 | D:1      | Ayyar the Hill Orc Fighter began the quest for the Orb.
     0 | D:1      | Reached XP level 1. HP: 19/19 MP: 1/1
    29 | D:1      | You fall into a shaft and drop 1 floor!
   144 | D:2      | Reached skill level 3 in Axes
   144 | D:2      | Reached XP level 2. HP: 17/27 MP: 2/2
   154 | D:2      | Reached XP level 3. HP: 6/33 MP: 3/3
   548 | D:1      | Reached XP level 4. HP: 40/40 MP: 4/4
  1262 | D:2      | Reached skill level 1 in Invocations
  1264 | D:2      | Reached skill level 4 in Axes
  1268 | D:2      | Noticed Sigmund
  1275 | D:2      | Noticed Sigmund
  1277 | D:2      | Killed Sigmund the jelly
  1278 | D:2      | Reached XP level 5. HP: 27/47 MP: 5/5
  1717 | D:3      | Noticed a phantom
  1726 | D:3      | Killed a phantom
  1727 | D:3      | Reached skill level 1 in Throwing
  1728 | D:3      | Reached skill level 1 in Evocations
  1877 | D:3      | Reached XP level 6. HP: 48/53 MP: 7/7
  1882 | D:3      | Found Wuiffio's Antique Weapon Shoppe.
  2202 | D:4      | Reached skill level 5 in Axes
  2393 | D:4      | Found a radiant altar of Vehumet.
  2396 | D:4      | Found a bloodstained altar of Trog.
  2399 | D:4      | Found a basalt altar of Yredelemnul.
  2632 | D:4      | Reached skill level 5 in Fighting
  2632 | D:4      | Reached XP level 7. HP: 53/61 MP: 8/8
  2724 | D:4      | Became a worshipper of Beogh the Brigand
  3145 | D:4      | Found an opulent altar of Gozag.
  3614 | D:5      | Entered Level 5 of the Dungeon
  3853 | D:5      | Found a staircase to the Ecumenical Temple.
  3878 | Temple   | Entered the Ecumenical Temple
  3925 | D:5      | Reached skill level 6 in Axes
  4126 | D:5      | Reached XP level 8. HP: 67/68 MP: 10/10
  4444 | D:6      | Found Emnitoq's Book Shop.
  4482 | D:6      | Reached * piety under Beogh
  4483 | D:6      | Reached skill level 5 in Armour
  4483 | D:6      | Reached skill level 5 in Shields
  4824 | D:6      | Reached skill level 7 in Axes
  4871 | D:6      | Noticed Menkaure
  4877 | D:6      | Killed Menkaure
  4936 | D:6      | Found a hazy altar of Hepliaklqana.
  4957 | D:6      | Found a shadowy altar of Dithmenos.
  4957 | D:6      | Noticed a shadow
  5165 | D:6      | Found a runed translucent door.
  5166 | D:6      | Noticed Crazy Yiuf
  5408 | D:7      | Reached XP level 9. HP: 68/75 MP: 12/12
  5460 | D:7      | Reached skill level 8 in Axes
  5819 | D:7      | Noticed Maggie
  5846 | D:7      | Gained mutation: You occasionally lose the ability to drink
                  | potions when taking damage. [potion of mutation]
  5846 | D:7      | Gained mutation: You have a pair of small horns on your
                  | head. [potion of mutation]
  5846 | D:7      | Gained mutation: You do not regenerate when monsters are
                  | visible. [potion of mutation]
  5847 | D:7      | HP: 2/78 [Maggie/+0 war axe (6)]
  5851 | D:7      | Killed from afar by Maggie

Illustrated notes

Levels and vault maps discovered:
D:1:      heliophobic_arrival_enchanted_forest, layout_loops_ring,
          minmay_curled_crystal
D:2:      layout_loops_cross, uniq_sigmund
D:3:      layout_basic, serial_shops, nicolae_shop_waterfront,
          hangedman_decor_growths
D:4:      layout_gridville, nicolae_gozag_seed_capital,
          grunt_temple_overflow_diamond
D:5:      layout_gridville, minmay_temple_entry_offerings, serial_demonic,
          serial_demonic_f, serial_demonic_g, serial_demonic_e, serial_demonic_g
D:6:      layout_rooms, riverfiend_overflow_shadow_ancestor, serial_shops, shop,
          uniq_crazy_yiuf_cottage, uniq_menkaure
D:7:      layout_basic, grunt_decor_cap, uniq_maggie
Temple:   hellmonk_temple_two_chambers

Skill      XL: |  1  2  3  4  5  6  7  8  9 |
---------------+----------------------------+-----
Axes           | 3 4 5 6 7 8 |  8.3
Fighting       | 4 5 6 |  6.4
Invocations    | 1 2 3 4 |  4.9
Shields        | 4 5 |  5.7
Throwing       | 1 2 3 |  3.3
Armour         | 4 5 |  5.8
Evocations     | 1 2 3 |  3.6

Action                     |  1- 3 |  4- 6 |  7- 9 || total
---------------------------+-------+-------+-------++-------
  Melee: War axe           |    55 |   124 |   244 ||   423
         Headbutt          |       |       |     2 ||     2
  Throw: Javelin           |       |    15 |     5 ||    20
         Dart              |       |     3 |       ||     3
 Invoke: Convert to Beogh  |       |       |     1 ||     1
  Evoke: Wand              |       |     2 |       ||     2
    Use: Scroll            |     2 |       |       ||     2
         Potion            |     2 |       |     6 ||     8
 Armour: Scale mail        |    17 |    45 |    34 ||    96
         Chain mail        |       |       |   117 ||   117
  Dodge: Dodged            |    24 |    53 |   100 ||   177
  Block: Buckler           |     8 |    29 |    54 ||    91
